 Dungeon Crawl Stone Soup version 0.32-a0-433-g08bcfe7efd (webtiles) character file.

Game seed: 745426277142083977

39 cforsyth the Slasher (level 3, -7/28 HPs)
             Began as a Coglin Gladiator on Feb 22, 2024.
             Mangled by Sigmund
             ... wielding a +0 scythe
              (9 damage)
             ... on level 2 of the Dungeon.
             The game lasted 00:01:59 (965 turns).

cforsyth the Slasher (Coglin Gladiator)              Turns: 965, Time: 00:01:59

Health: -7/28      AC:  4    Str: 14    XL:     3   Next: 45%
Magic:  3/3        EV: 12    Int:  7    God:
Gold:   83         SH:  0    Dex: 17    Spells: 2/2 levels left

rFire   . . .        a - +0 long sword {Decima}
rCold   . . .        (no shield)
rNeg    . . .        b - +0 leather armour
rPois   .            c - +0 helmet
rElec   .            (no cloak)
rCorr   .            (no gloves)
SInv    .            (no boots)
Will    ++...        (no amulet)
Stlth   +            (no ring)
HPRegen 0.24/turn    (no ring)
MPRegen 0.08/turn

%: no passive effects
@: attractive, immotile, enlightened, flying, revved
A: off-hand wielding, slow wielding, warmup strikes, legs shutdown,
deterioration 1, strong-willed 1, wild magic 1
a: no special abilities


You were on level 2 of the Dungeon.
You visited 1 branch of the dungeon, and saw 2 of its levels.

You collected 83 gold pieces.


Innate Abilities, Weirdness & Mutations

You can wield a second weapon in your off-hand.
It takes a long time for you to wield or remove held weapons.
Your first few attacks do less damage.
Attacking and casting redirects power from your legs.
Your body sometimes deteriorates upon taking damage.
You are strong-willed. (Will+)
Your spells are a little harder to cast, but a little more powerful.


   Skills:
 + Level 2.7 Fighting
 + Level 3.4 Long Blades
 - Level 1.7 Throwing
 + Level 1.3 Armour
 - Level 2.6 Dodging


You had 2 spell levels left.
You didn't know any spells.
Your spell library contained the following spells:

 Spells                   Type           Power      Damage    Failure   Level
 Volatile Blastmotes      Fire/Tloc      0%         2d10      90%         3
 Fulminant Prism          Conj/Alch      0%         3d5       100%        4
 Iskenderun's Mystic Bla  Conj/Tloc      0%         2d3       100%        4

Inventory:

Hand Weapons
 a - a +0 long sword (weapon) {Decima}
Missiles
 d - 3 throwing nets (quivered) {=f}
 e - 3 javelins
Armour
 b - a +0 leather armour (worn)
 c - a +0 helmet (worn)
Scrolls
 i - a scroll of poison {unknown}
 j - a scroll of noise {unknown}

Dungeon Overview and Level Annotations

Branches:
Dungeon (2/15)

Altars:
Trog

Annotations:
D:2 Sigmund

#.#.#.##
#.# #
#...#
### #.#
#...#
#.####.#
#...#
#......#
....#
#.######
....#
#.# #.#
#.# #@#
#.{...#
+.....#
#.....#
#.....#
##+#+##


There were no monsters in sight!


Message History

You feel very buoyant.
You fly up into the air.
It was a potion of attraction.
You feel attractive to monsters. Sigmund closely misses you.
You hit Sigmund.
Sigmund is severely wounded.
Sigmund mumbles some strange words.
Sigmund flickers and vanishes!
Deactivating autopickup; reactivate with Ctrl-A.
You cannot move. (Use ctrl+direction or * direction to attack while stationary and confused.)
You cannot move. (Use ctrl+direction or * direction to attack while stationary and confused.)
You cannot move. (Use ctrl+direction or * direction to attack while stationary and confused.)
You cannot move. (Use ctrl+direction or * direction to attack while stationary and confused.)
You swing at nothing.
You are no longer unable to travel.
Something hits you!
* * * LOW HITPOINT WARNING * * *
You're too confused to attack without stumbling around!
You're too confused to attack without stumbling around!
Unknown command.
You're too confused to attack without stumbling around!
You're too confused to attack without stumbling around!
You bump into the rock wall.
You bump into the rock wall.
You feel less confused. Something hits you!
* * * LOW HITPOINT WARNING * * *
You miss something. Something hits you!
You die...

Skill      XL: |  1  2 |
---------------+-------+-----
Armour         | 1 |  1.3
Fighting       | |  2.7
Long Blades    | |  3.4
Throwing       | |  1.7
Dodging        | |  2.6

Action                     || total
---------------------------++-------
  Melee: Long sword        ||    88
    Use: Potion            ||     3
 Armour: Leather armour    ||    47
  Dodge: Dodged            ||    65

Levels and vault maps discovered:
D:1:      roderic_crop_circles_arrival_small, layout_loops_cross
D:2:      minmay_alternating_diamond, layout_basic, serial_shops, shop,
          basic_altar, uniq_sigmund, uniq_robin

Notes
Turn   | Place    | Note
-------+----------+-------------------------------------------
     0 | D:1      | cforsyth the Coglin Gladiator began the quest for the Orb.
     0 | D:1      | Reached XP level 1. HP: 16/16 MP: 1/1
   112 | D:1      | Reached XP level 2. HP: 22/22 MP: 2/2
   786 | D:2      | Reached skill level 1 in Armour
   805 | D:2      | Reached XP level 3. HP: 28/28 MP: 3/3
   873 | D:2      | Found a bloodstained altar of Trog.
   950 | D:2      | Noticed Sigmund
   958 | D:2      | Gained mutation: You are strong-willed. (Will+) [potion of
                  | mutation]
   958 | D:2      | Gained mutation: Your body sometimes deteriorates upon
                  | taking damage. [potion of mutation]
   958 | D:2      | Gained mutation: Your spells are a little harder to cast,
                  | but a little more powerful. [potion of mutation]
   964 | D:2      | HP: 2/28 [something (11)]
   965 | D:2      | Mangled by Sigmund

Vanquished Creatures
  An adder (D:2)
  2 endoplasms (D:1)
  9 goblins
  4 hobgoblins
  5 bats
  2 kobolds (D:1)
  3 rats
26 creatures vanquished.

Table legend: (Time is in decaauts)
 A = Elapsed time spent in this place.
 B = Non-inter-level travel time spent in this place.
 C = Inter-level travel time spent in this place.
 D = Time resting spent in this place.
 E = Time spent auto-exploring this place.
 F = Levels seen in this place.
 G = Mean time per level.
                   A        B        C        D        E       F      G
               +--------+--------+--------+--------+--------+-----+--------+
         Total |    985 |    956 |     29 |      0 |    725 |   2 |  492.5 |
       Dungeon |    985 |    956 |     29 |      0 |    725 |   2 |  492.5 |
               +--------+--------+--------+--------+--------+-----+--------+

Top non-repeatable levels by time:
     D:1: 782 daAuts
     D:2: 203 daAuts

Table legend:
 A = Non-vault XP
 B = Vault XP
 C = Vault XP percentage of total XP
 D = Non-vault monster count
 E = Vault monster count
 F = Vault count percentage of total count
                 A         B        C        D         E       F
            +---------+---------+-------+---------+---------+-------
      Total |      42 |      14 |  25.0 |      19 |       7 |  26.9
            +---------+---------+-------+---------+---------+-------
        D:1 |      25 |       0 |   0.0 |      15 |       0 |   0.0
        D:2 |      17 |      14 |  45.2 |       4 |       7 |  63.6
            +---------+---------+-------+---------+---------+-------
